 Dungeon Sprint DCSS version 0.22.1-1-ga44c0e56f4 (webtiles) character file.

51 BillyBuyo the Ducker (level 3, 5/35 HPs)
             Began as a Draconian Monk on Oct 22, 2018.
             Was a Believer of Vehumet.
             Quit the game in the Dungeon (Sprint IX: "|||||||||||||||||||||||||||||").
             The game lasted 00:04:04 (208 turns).

BillyBuyo the Ducker (Draconian Monk)                Turns: 208, Time: 00:04:05

Health: 5/35       AC:  6    Str: 13    XL:     3   Next: 57%
Magic:  0/3        EV: 14    Int: 11    God:    Vehumet [**....]
Gold:   0          SH:  0    Dex: 13    Spells: 1/2 levels left

rFire    . . .     SeeInvis .     - Unarmed
rCold    . . .     Gourm    .   (no shield)
rNeg     . . .     Faith    .   (armour unavailable)
rPois    .         Spirit   .   (helmet restricted)
rElec    .         Reflect  .   (no cloak)
rCorr    .         Harm     .   o - +0 pair of gloves
MR       .....     NoTele   +   (no boots)
Stlth    ++........             (no amulet)
HPRegen  0.11/turn              (no ring)
MPRegen  0.08/turn              (no ring)

@: no status effects
A: unfitting armour, cold-blooded, AC +5
a: Renounce Religion


You were in the Dungeon.
You worshipped Vehumet.
Vehumet was pleased with you.
You were not hungry.

You visited 1 branch

Inventory:

Hand Weapons
 m - a +2 halberd of protection
 n - a +2 scimitar of holy wrath
Armour
 o - a +0 pair of gloves (worn)
 p - a +0 helmet
Magical Staves
 l - an uncursed staff of energy
Wands
 k - a wand of acid (8)
Scrolls
 g - 2 scrolls of blinking
 i - 3 scrolls of remove curse
 j - 2 scrolls of amnesia
Potions
 b - 5 potions of curing
 c - 3 potions of heal wounds
 d - a potion of haste
 e - 4 potions of magic
 f - a potion of berserk rage
 h - a potion of invisibility
Comestibles
 a - a ration


   Skills:
 + Level 4.8 Fighting
 * Level 5.1 Dodging
 + Level 2.0 Stealth
 + Level 4.8 Unarmed Combat
 * Level 0.3 Spellcasting


You had one spell level left.
You knew the following spells:

 Your Spells              Type           Power        Failure   Level  Hunger
a - Freeze                Ice            #...         34%         1    ##.....
Your spell library was empty.

Dungeon Overview and Level Annotations

Branches:
Dungeon (1/1)

Altars:
Cheibriados
Dithmenos
Elyvilon
Fedhas
Gozag
Hepliaklqana
Kikubaaqudgha
Makhleb
Nemelex Xobeh
Okawaru
Qazlal
Ru
Sif Muna
Trog
Uskayaw
Vehumet
Wu Jian
Xom
Yredelemnul
Zin
The Shining One
Beogh
Jiyva
Lugonu


Innate Abilities, Weirdness & Mutations

Your plain brown scales are hard. (AC +5)
You cannot fit into any form of body armour.
You are cold-blooded and may be slowed by cold attacks.


Message History

Evoke which item? (* to show all) (? for menu, Esc to quit)
Aiming: Corrosive Bolt
Press: ? - help, Shift-Dir - straight line, f - shadow imp, p - killer bee
Aim: a shadow imp (almost dead)
The bolt of acid misses the killer bee.
The bolt of acid hits the shadow imp.
The shadow imp is splashed with acid.
The acid corrodes the shadow imp!
You kill the shadow imp!
Vehumet accepts your kill.
Vehumet offers you knowledge of Magic Dart.
The bolt of acid hits the eye of draining.
The eye of draining is splashed with acid.
The acid corrodes the eye of draining!
The eye of draining is severely wounded.
The killer bee stings you!
* * * LOW HITPOINT WARNING * * *
The phantom blinks!
The killer bee misses you.
Okay, then.
Quiver which item? (- for none, * to show all) (? for menu, Esc to quit)
Okay, then.
Are you sure you want to abandon this character and quit the game? (Confirm ▓▓▓▓▓▓▓▓▓▓▓▓▓▓▓▓▓▓▓▓▓▓▓▓ _______'...).W[§@y.GSSO. ▓▓▓▓▓▓▓▓▓▓▓▓▓▓▓▓▓▓▓▓▓▓▓▓

You could see an eye of draining, a phantom, an ogre, a killer bee and 2 adders.

Vanquished Creatures
  An orc priest (D)
  A shadow imp (D)
  An ooze (D)
  An orc (D)
  A goblin (D)
  A hobgoblin (D)
  2 jackals (D)
  A ball python (D)
  A kobold (D)
10 creatures vanquished.

Notes
Turn   | Place    | Note
-------+----------+-------------------------------------------
     0 | D        | BillyBuyo the Draconian Monk began the quest for the Orb.
     0 | D        | Reached XP level 1. HP: 19/19 MP: 1/1
     8 | D        | Reached skill level 3 in Dodging
    91 | D        | Noticed an orc priest
    91 | D        | Noticed a phantom
   107 | D        | Killed an orc priest
   107 | D        | Reached skill level 4 in Dodging
   107 | D        | Reached XP level 2. HP: 22/28 MP: 2/2
   107 | D        | Reached XP level 3. HP: 27/34 MP: 3/3
   113 | D        | Reached skill level 5 in Dodging
   130 | D        | Found a roughly hewn altar of Beogh.
   130 | D        | Found a snail-covered altar of Cheibriados.
   130 | D        | Found a shadowy altar of Dithmenos.
   130 | D        | Found a white marble altar of Elyvilon.
   130 | D        | Found a blossoming altar of Fedhas.
   130 | D        | Found an opulent altar of Gozag.
   131 | D        | Found a hazy altar of Hepliaklqana.
   132 | D        | Found a viscous altar of Jiyva.
   133 | D        | Found an ancient bone altar of Kikubaaqudgha.
   134 | D        | Found a corrupted altar of Lugonu.
   135 | D        | Found a burning altar of Makhleb.
   136 | D        | Found a sparkling altar of Nemelex Xobeh.
   137 | D        | Found an iron altar of Okawaru.
   138 | D        | Found a stormy altar of Qazlal.
   139 | D        | Found a sacrificial altar of Ru.
   140 | D        | Found a deep blue altar of Sif Muna.
   141 | D        | Found a bloodstained altar of Trog.
   142 | D        | Found a hide-covered altar of Uskayaw.
   143 | D        | Found a radiant altar of Vehumet.
   144 | D        | Found an ornate altar of the Wu Jian Council.
   145 | D        | Found a shimmering altar of Xom.
   146 | D        | Found a basalt altar of Yredelemnul.
   147 | D        | Found a glowing silver altar of Zin.
   148 | D        | Found a glowing golden altar of the Shining One.
   155 | D        | Became a worshipper of Vehumet
   155 | D        | Reached * piety under Vehumet
   155 | D        | Offered knowledge of Freeze by Vehumet.
   155 | D        | Reached ** piety under Vehumet
   158 | D        | Learned a level 1 spell: Freeze
   204 | D        | Noticed a killer bee
   204 | D        | Noticed an eye of draining
   204 | D        | Noticed an ogre
   207 | D        | Offered knowledge of Magic Dart by Vehumet.
   208 | D        | Quit the game

Skill      XL: |  1  2  3 |
---------------+----------+-----
Dodging        | 4 5 |  5.1
Fighting       | 4 |  4.8
Stealth        | 2 |  2.0
Unarmed Combat | 4 |  4.8
Spellcasting   | |  0.3

Action                   || total
-------------------------++-------
Melee: Unarmed           ||    45
       Tailslap          ||     4
Evoke: Wand              ||     2
Armor: Skin              ||    11
Dodge: Dodged            ||    20
